Map: Kairos Junction LE

Players

TSGSolar (Solar)

  • Race: Zerg Zerg
  • League: Diamond
  • Spawn Location: 5:00

llllllllllll (Stats) - Winner!

  • Race: Protoss Protoss
  • League: Master
  • Spawn Location: 11:00

Event: 2019 Assembly Summer

VOD

Have the link to the VOD?

Description

Time

  • Played on: Aug. 3, 2019, 1:52 p.m.
  • Length: 10:59

All games in this series

Show
View Real Time Build Order
Export as new Build Order

TSGSolar Zerg 

Build Orders: Hatch First 

Get SALT Encoding   

  12  0:01  Drone  
  13  0:12  Overlord  
  13  0:17  Drone  
  14  0:31  Drone  
  15  0:44  Hatchery  
  15  0:48  Drone  
  15  0:52  Drone  
  15  0:54  Drone  
  17  1:00  Drone  
  18  1:13  Extractor  
  18  1:16  Spawning Pool  
  16  1:19  Drone  
  16  1:22  Drone  
  18  1:31  Drone  
  19  1:43  Drone  
  20  1:51  Hatchery  
  19  1:54  Drone  
  20  2:03  Queen  
  22  2:09  Drone  
  22  2:14  Drone  
  24  2:18  Metabolic Boost  
  24  2:23  Zergling x2  
  24  2:26  Overlord  
  25  2:34  Queen  
  25  2:36  Zergling x2  
  28  2:41  Extractor  
  28  2:42  Drone  
  29  2:46  Drone x2  
  29  2:48  Drone  
  32  2:55  Queen  
  34  2:58  Drone  
  34  3:03  Drone x2  
  36  3:08  Queen  
  38  3:12  Overlord  
  38  3:16  Drone  
  38  3:17  Drone  
  38  3:19  Drone  
  41  3:22  Overlord  
  41  3:30  Queen  
  41  3:31  Drone  
  41  3:33  Drone  
  45  3:35  Drone  
  45  3:37  Overlord  
  45  3:39  Drone  
  47  3:44  Drone x2  
  47  3:46  Spore Crawler  
  48  3:50  Spore Crawler  
  48  3:51  Drone  
  48  3:53  Drone  
  48  3:55  Overlord  
  49  3:56  Drone  
  49  3:58  Drone  
  49  4:00  Drone  
  49  4:01  Drone  
  53  4:03  Drone  
  53  4:06  Zergling x4  
  53  4:07  Zergling x2  
  53  4:08  Zergling x2  
  58  4:12  Overlord  
  57  4:17  Drone x2  
  57  4:18  Overlord  
  57  4:21  Spore Crawler  
  57  4:22  Drone  
  57  4:26  Drone  
  57  4:27  Overlord  
  60  4:31  Drone x2  
  60  4:33  Drone x3  
  60  4:34  Drone  
  60  4:37  Zergling x2  
  65  4:42  Zergling x4  
  65  4:43  Lair  
  65  4:45  Drone x2  
  69  4:50  Drone x2  
  67  4:54  Roach Warren, Extractor  
  63  5:01  Drone x4  
  63  5:03  Drone x2  
  67  5:08  Extractor  
  67  5:09  Drone x2  
  67  5:10  Drone x2  
  67  5:12  Overlord  
  70  5:19  Overlord  
  70  5:22  Queen  
  68  5:31  Drone  
  68  5:32  Extractor  
  68  5:36  Roach x8  
  83  5:44  Roach x3  
  83  5:45  Overlord  
  89  5:50  Overseer  
  89  5:52  Zergling x10  
  89  5:54  Overlord  
  94  5:59  Overseer  
  94  6:01  Zergling x4  
  96  6:06  Ravager  
  96  6:07  Zergling x2  
  96  6:09  Ravager, Zergling x4  
  96  6:10  Zergling x2  
  102  6:14  Zergling x8  
  106  6:19  Roach, Ravager  
  106  6:21  Overlord  
  106  6:23  Roach x2  
  113  6:30  Overlord  
  113  6:31  Overlord x2  
  112  6:39  Roach  
  113  6:41  Roach x3  
  113  6:42  Roach  
  113  6:45  Overlord  
  113  6:46  Overlord  
  120  6:48  Overlord  
  120  6:50  Roach x4  
  127  6:55  Zergling x4  
  127  7:01  Ravager x2  
  131  7:02  Overlord  
  131  7:04  Roach x2  
  135  7:10  Roach x3  
  135  7:11  Roach  
  135  7:12  Zergling x4  
  135  7:14  Zergling x2  
  146  7:16  Zergling x2  
  146  7:17  Zergling x2  
  146  7:18  Ravager  
  146  7:22  Zergling x8  
  153  7:29  Zergling x4  
  155  7:34  Ravager x2  
  155  7:35  Roach, Overlord  
  158  7:38  Roach  
  158  7:39  Roach  
  158  7:41  Roach  
  161  7:45  Roach x2  
  161  7:47  Zergling x2  
  161  7:51  Roach x2, Zergling x2  
  162  7:52  Zergling x2  
  162  7:54  Zergling x2  
  152  7:59  Roach x3  
  152  8:03  Roach  
  146  8:07  Roach  
  146  8:10  Roach  
  139  8:14  Roach  
  139  8:17  Roach x2  
  139  8:18  Roach  
  142  8:23  Roach x2  
  142  8:26  Roach  
  131  8:33  Zergling x4  
  121  8:36  Extractor  
  121  8:38  Zergling x2  
  121  8:39  Roach x3  
  128  8:41  Ravager  
  128  8:43  Zergling x14  
  128  8:45  Ravager  
  131  8:51  Roach  
  131  8:54  Roach  
  131  8:55  Glial Reconstitution  
  129  8:57  Roach  
  129  9:02  Roach  
  131  9:06  Roach x2  
  135  9:10  Roach x4  
  135  9:11  Zergling x4  
  135  9:13  Ravager  
  135  9:14  Zergling x6  
  135  9:16  Zergling x2  
  148  9:18  Ravager  
  148  9:20  Zergling x2  
  148  9:21  Zergling x2  
  148  9:23  Ravager  
  152  9:29  Zergling x2  
  153  9:32  Ravager  
  153  9:34  Overlord  
  153  9:36  Roach x3  
  153  9:37  Zergling x4  
  161  9:39  Zergling x4  
  161  9:42  Roach  
  161  9:43  Zergling x2  
  161  9:44  Ravager  
  162  9:46  Zergling x2  
  162  9:48  Zergling x2  
  162  9:51  Zergling x6  
  164  9:58  Roach x2  
  165  10:03  Ravager x2  
  165  10:05  Queen  
  165  10:06  Overlord  
  169  10:08  Ravager  
  169  10:10  Zergling x4  
  169  10:13  Ravager  
  172  10:15  Zergling x2  
  172  10:16  Zergling x4  
  172  10:18  Ravager  
  172  10:21  Overlord  
  176  10:25  Zergling x6  
  176  10:28  Ravager  
  178  10:29  Zergling x4  
  178  10:31  Roach  
  178  10:33  Roach  
  183  10:37  Roach  
  183  10:38  Roach  
  183  10:40  Roach  
Show
View Real Time Build Order
Export as new Build Order

llllllllllll Protoss - Winner!

Build Orders: 1 Gate Expand, Oracle Opening, Phoenix Opening, Archon Immortal 

Get SALT Encoding   

  12  0:00  Probe  
  13  0:13  Probe  
  14  0:18  Pylon  
  14  0:25  Probe  
  15  0:33  Probe  
  15  0:41  Probe  
  16  0:43  Gateway  
  16  0:47  Assimilator  
  17  0:51  Probe  
  18  1:03  Probe  
  19  1:15  Probe  
  20  1:24  Nexus  
  20  1:35  Cybernetics Core  
  20  1:37  Probe  
  21  1:44  Assimilator  
  21  1:49  Probe  
  21  1:53  Pylon  
  22  2:01  Probe  
  22  2:02  Adept  
  23  2:14  Probe  
  26  2:20  Stargate  
  26  2:25  Probe  
  26  2:28  Warp Gate  
  27  2:32  Probe, Adept  
  27  2:33  Probe  
  30  2:40  Probe  
  30  2:42  Probe  
  31  2:50  Probe  
  33  2:52  Probe  
  35  2:59  Phoenix  
  35  3:02  Probe  
  35  3:04  Probe  
  39  3:10  Pylon  
  39  3:15  Probe  
  39  3:16  Oracle, Probe  
  41  3:23  Gateway  
  41  3:27  Probe  
  45  3:28  Probe  
  45  3:30  Assimilator  
  45  3:32  Assimilator  
  46  3:39  Probe  
  46  3:40  Probe  
  48  3:46  Oracle, Pylon  
  48  3:51  Probe  
  48  3:53  Probe  
  53  4:03  Probe  
  53  4:05  Probe, Robotics Facility  
  55  4:10  Pylon  
  55  4:13  Oracle  
  55  4:17  Adept  
  55  4:18  Adept  
  62  4:26  Pylon  
  62  4:28  Probe x2  
  64  4:38  Sentry  
  64  4:40  Sentry  
  64  4:42  Pylon  
  64  4:44  Immortal  
  68  4:46  Pylon  
  69  5:05  Sentry  
  69  5:06  Sentry  
  69  5:07  Gateway x2  
  69  5:10  Gateway  
  69  5:11  Gateway  
  69  5:16  Observer  
  69  5:26  Probe x2  
  72  5:29  Warp Prism  
  72  5:30  Sentry  
  72  5:31  Sentry  
  76  5:38  Nexus  
  76  5:39  Probe x2, Pylon  
  76  5:42  Pylon  
  80  5:56  Stalker x2  
  84  5:59  Probe x2  
  86  6:10  Immortal  
  86  6:11  Stalker x4  
  88  6:14  Probe x2  
  100  6:26  Shield Battery  
  100  6:33  Zealot x2  
  100  6:34  Zealot  
  100  6:38  Forge  
  104  6:40  Zealot  
  104  6:46  Immortal, Twilight Council  
  104  6:48  Probe x2  
  106  7:00  Shield Battery  
  110  7:02  Pylon  
  110  7:10  Probe x3, Pylon  
  113  7:16  Protoss Ground Weapons Level 1, Immortal  
  113  7:28  Zealot x3  
  123  7:43  Stalker x3  
  129  7:55  Immortal, Stalker x2  
  125  7:58  Gateway  
  125  8:00  Gateway  
  118  8:10  Probe x2, Stalker  
  118  8:11  Stalker  
  118  8:12  Zealot  
  123  8:19  Charge  
  121  8:23  Zealot x2  
  103  8:37  Zealot x2  
  103  8:38  Zealot  
  108  8:41  Templar Archives  
  108  8:42  Probe  
  108  8:43  Probe x2  
  110  8:50  Zealot  
  108  9:03  Zealot  
  108  9:04  Zealot x2  
  114  9:15  Probe x3, Shield Battery  
  117  9:18  Gateway  
  117  9:22  Assimilator  
  117  9:26  High Templar x5  
  117  9:27  High Templar  
  117  9:29  Zealot  
  117  9:31  Archon x2  
  131  9:32  Archon  
  131  9:42  Assimilator  
  131  9:53  Immortal  
  131  9:59  Zealot x3  
  141  10:05  Pylon  
  141  10:07  Pylon  
  141  10:09  Pylon  
  141  10:22  Pylon  
  141  10:26  Zealot x7  
  141  10:27  Zealot  
  157  10:48  Zealot x2  
  157  10:49  Zealot x5  
Tags
 
Add a new tag
Caveats
  • Supply blocks, unpowered buildings, or Contaminate may cause inaccurate times.
  • Supply counts are checked every 10 seconds.